 Dungeon Crawl Stone Soup version 0.27.1-2-g3b301248ec (webtiles) character file.

Game seed: 15724363117720417947

28 vvl the Ruffian (level 3, -4/29 HPs)
             Began as a Draconian Transmuter on Sept 28, 2021.
             Slain by Sigmund (7 damage)
             ... on level 2 of the Dungeon.
             The game lasted 00:03:01 (1206 turns).

vvl the Ruffian (Draconian Transmuter)              Turns: 1206, Time: 00:03:02

Health: -4/29      AC:  5    Str: 13    XL:     3   Next: 0%
Magic:  6/6        EV: 12    Int: 13    God:
Gold:   49         SH:  0    Dex: 11    Spells: 5/6 levels left

rFire    + . .     SeeInvis .   e - +0 short sword
rCold    + . .     Faith    .   (no shield)
rNeg     . . .     Spirit   .   (armour unavailable)
rPois    +         Reflect  .   (helmet restricted)
rElec    +         Harm     .   (no cloak)
rCorr    +         Rampage  .   (no gloves)
Will     .....                  (no boots)
Stlth    +.........             (no amulet)
HPRegen  0.09/turn              (no ring)
MPRegen  0.10/turn              (no ring)

@: resistant
A: AC +5, unfitting armour, cold-blooded
a: no special abilities


You were on level 2 of the Dungeon.
You visited 1 branch of the dungeon, and saw 2 of its levels.

You collected 49 gold pieces.

Inventory:

Hand Weapons
 e - a +0 short sword (weapon)
Scrolls
 b - a scroll of amnesia {unknown}
 d - 2 scrolls of identify {unknown}
Potions
 a - a potion of resistance
 c - a potion of curing {unknown}


   Skills:
 + Level 1.7 Fighting
 + Level 2.1 Dodging
 * Level 3.4 Unarmed Combat
 + Level 2.2 Spellcasting
 + Level 2.2 Transmutations


You had 5 spell levels left.
You knew the following spells:

 Your Spells              Type           Power      Damage    Failure   Level
a - Beastly Appendage     Tmut           14%        N/A       10%         1

Your spell library contained the following spells:

 Spells                   Type           Power      Damage    Failure   Level
 Wereblood                Tmut           7%         N/A       16%         2
 Spider Form              Tmut/Pois      2%         N/A       43%         3
 Ice Form                 Ice/Tmut       4%         N/A       85%         4


Dungeon Overview and Level Annotations

Branches:
Dungeon (2/15)

Altars:

Shops:
D:1 =

Annotations:
D:2 Sigmund


Innate Abilities, Weirdness & Mutations

Your plain brown scales are hard. (AC +5)
You cannot fit into any form of body armour.
You are cold-blooded and may be slowed by cold attacks.


Message History

You closely miss Sigmund. You claw Sigmund.
Sigmund is lightly wounded.
You barely miss Sigmund. Your kick misses Sigmund. You headbutt Sigmund.
Sigmund is moderately wounded.
Sigmund barely misses you.
You closely miss Sigmund. Your kick misses Sigmund.
Sigmund is moderately wounded.
Sigmund gestures at you while chanting. The magic dart hits you.
You barely miss Sigmund. You tail-slap Sigmund.
Sigmund is moderately wounded.
Your transformation is almost over.
Sigmund completely misses you.
You barely miss Sigmund. Your kick misses Sigmund. You tail-slap Sigmund.
Sigmund is heavily wounded.
Sigmund hits you with a +0 scythe.
You hit Sigmund but do no damage. Your kick misses Sigmund.
Sigmund is heavily wounded.
You closely miss Sigmund.
Sigmund is heavily wounded.
Sigmund hits you with a +0 scythe!
You barely miss Sigmund.
Sigmund is heavily wounded.
Sigmund hits you with a +0 scythe.
* * * LOW HITPOINT WARNING * * *
You hit Sigmund. You claw Sigmund.
Your tail-slap misses Sigmund.
Sigmund is severely wounded.
Sigmund misses you.
You hit Sigmund but do no damage. Your headbutt misses Sigmund.
You tail-slap Sigmund.
Sigmund is severely wounded.
You barely miss Sigmund. You claw Sigmund, but do no damage.
Sigmund is severely wounded.
Your horns disappear.
Your talons disappear.
Sigmund hits you with a +0 scythe.
* * * LOW HITPOINT WARNING * * *
It was a potion of resistance.
You feel protected. Sigmund hits you with a +0 scythe!
You die...

#..# #.#
#.)######.#
#.........#
#......
##.######## ......
#.# .....# #.#
.....####### #.#
#..........#####@#
#..........'....@#
#...#......#######
#<>........#
#.##.......#
#.##.......#
#†##.......#
#.##.#######
#.##.# #.##.#


You could see Sigmund.

Vanquished Creatures
  A dart slug (D:2)
  5 ball pythons
  2 bats (D:1)
  2 endoplasms (D:1)
  2 goblins (D:1)
  4 hobgoblins (D:1)
  2 jackals (D:1)
  A quokka (D:1)
  2 kobolds
  2 rats (D:1)
23 creatures vanquished.

Notes
Turn   | Place    | Note
-------+----------+-------------------------------------------
     0 | D:1      | vvl the Draconian Transmuter began the quest for the Orb.
     0 | D:1      | Reached XP level 1. HP: 16/16 MP: 3/3
   365 | D:1      | Reached XP level 2. HP: 23/23 MP: 3/5
   564 | D:1      | Found Koune's Jewellery Emporium.
  1141 | D:2      | Noticed Sigmund
  1155 | D:2      | Reached XP level 3. HP: 28/29 MP: 6/6
  1206 | D:2      | Slain by Sigmund

Illustrated notes

Levels and vault maps discovered:
D:1:      dpeg_arrival_water_fire, layout_rooms, serial_shops,
          nicolae_shop_crystal
D:2:      layout_basic, uniq_sigmund

Skill      XL: |  1  2 |
---------------+-------+-----
Dodging        | 2 |  2.1
Fighting       | |  1.7
Unarmed Combat | |  3.4
Spellcasting   | |  2.2
Transmutations | |  2.2

Action                   || total
-------------------------++-------
Melee: Unarmed           ||    47
       Headbutt          ||     6
       Short sword       ||    22
       Kick              ||     9
       Tailslap          ||     7
 Cast: Beastly Appendage ||    15
  Use: Potion            ||     1
Armor: Skin              ||    32
Dodge: Dodged            ||    52
